AoeStats
← Bonea

MegaRandom

504011459Analyzed
4v4 RM · 28d ago on Sep 3, 2026· 54m 28s· 8 players
Game mode
Random Map
Map size
Large (8 player)
Population
200
Speed
Normal
Resources
Standard
Victory
Conquest
Starting age
Dark Age
Ending age
Imperial Age
RankedLock teamsTeams togetherTeam positionsShared explorationLock speedFull tech treeHidden civsTurbo modeCheats
Victory
Defeat
🇳🇴 Franks · Norway
1297
+15
🇨🇳 Goths · China
1274
+16
🇧🇷 Hindustanis · Brazil
1273
+16
🇨🇳 Berbers · China
1273
+16
🇹🇼 Slavs · Taiwan
1311
-17
🇦🇷 Magyars · Argentina
1307
-17
🇨🇳 Koreans · China
1249
-15
🇫🇷 Celts · France
1244
-14
Fs.Emmanuel
7:17 Loom
9:27 Feudal Age
10:00 Double-Bit Axe
11:50 Horse Collar
15:38 Forging
17:45 Scale Barding Armor
18:41 Bloodlines
22:50 Castle Age
21:20 Gold Mining
22:53 Light Cavalry
23:54 Chain Barding Armor
24:51 Bow Saw
28:07 Wheelbarrow
27:18 Town Watch
32:06 Stone Mining
33:47 Husbandry
34:27 Iron Casting
41:30 Imperial Age
39:43 Stone Shaft Mining
39:58 Gold Shaft Mining
39:39 Hand Cart
39:28 Scale Mail Armor
39:30 Fletching
39:40 Padded Archer Armor
39:55 Heavy Plow
42:01 Chain Mail Armor
42:57 Conscription
41:58 Elite Ghulam
44:34 Blast Furnace
43:30 Bodkin Arrow
44:21 Leather Archer Armor
45:12 Chemistry
44:32 Ballistics
45:14 Hoardings
46:01 Bracer
46:22 Murder Holes
48:33 Ring Archer Armor
47:29 Hussar
48:52 Masonry
50:40 Two-Man Saw
51:59 Squires
52:36 Plate Barding Armor
53:25 Siege Engineers
53:12 Guard Tower
KRYPTAERNN
7:40 Loom
10:18 Feudal Age
16:22 Double-Bit Axe
18:11 Scale Barding Armor
23:51 Castle Age
23:29 Gold Mining
25:21 Husbandry
25:42 Bow Saw
26:37 Chain Barding Armor
29:56 Forging
37:49 Imperial Age
36:17 Wheelbarrow
37:59 Hand Cart
38:04 Man-at-Arms
38:19 Cavalier
38:48 Long Swordsman
39:40 Two-Handed Swordsman
42:22 Scale Mail Armor
44:15 Squires
43:51 Champion
45:31 Chain Mail Armor
45:13 Gambesons
46:23 Capped Ram
46:51 Arson
47:43 Plate Mail Armor
47:49 Iron Casting
51:05 Blast Furnace
50:45 Plate Barding Armor
50:28 Paladin
51:51 Caravan
psrycc
0:39 Loom
14:10 Feudal Age
14:50 Double-Bit Axe
17:33 Horse Collar
20:35 Castle Age
18:49 Scale Mail Armor
18:48 Gold Mining
20:43 Wheelbarrow
21:44 Bow Saw
21:02 Pikeman
23:43 Heavy Plow
25:03 Stone Mining
28:38 Squires
29:06 Hand Cart
34:04 Imperial Age
34:29 Masonry
34:17 Murder Holes
34:54 Chain Mail Armor
34:50 Forging
34:51 Halberdier
36:47 Conscription
36:32 Perfusion
35:56 Elite Huskarl
37:15 Stone Shaft Mining
37:22 Iron Casting
39:22 Anarchy
40:42 Blast Furnace
43:04 Caravan
43:36 Coinage
46:22 Town Watch
46:44 Padded Archer Armor
46:34 Fletching
48:22 Capped Ram
50:12 Man-at-Arms
51:20 Long Swordsman
53:11 Two-Man Saw
52:10 Two-Handed Swordsman
53:01 Champion
Bonea
10:35 Loom
12:54 Feudal Age
17:38 Castle Age
15:42 Double-Bit Axe
15:37 Horse Collar
21:50 Wheelbarrow
21:30 Bow Saw
22:30 Heavy Plow
26:36 Gold Mining
27:53 Stone Mining
32:02 Imperial Age
30:10 Gold Shaft Mining
29:26 Fletching
29:36 Padded Archer Armor
30:35 Hand Cart
31:38 Scale Barding Armor
31:43 Forging
31:29 Bodkin Arrow
31:49 Leather Archer Armor
31:44 Husbandry
31:54 Bloodlines
31:50 Kasbah
33:01 Chain Barding Armor
33:06 Elite Camel Archer
34:07 Conscription
33:49 Maghrebi Camels
34:24 Hoardings
34:54 Chemistry
34:19 Caravan
34:49 Coinage
34:18 Cavalier
34:18 Light Cavalry
35:01 Bracer
35:31 Ring Archer Armor
35:23 Ballistics
35:12 Thumb Ring
35:09 Capped Ram
35:21 Hussar
36:22 Chain Barding Armor
36:37 Iron Casting
36:26 Town Watch
37:42 Masonry
37:13 Treadmill Crane
38:41 Banking
38:47 Siege Engineers
38:37 Murder Holes
38:17 Onager
41:27 Plate Barding Armor
41:28 Iron Casting
43:09 Town Patrol
44:48 Blast Furnace
49:53 Crop Rotation
49:59 Stone Shaft Mining
54:55 Scale Mail Armor
yalaric
9:32 Loom
12:07 Feudal Age
13:13 Double-Bit Axe
15:43 Horse Collar
22:18 Castle Age
25:38 Pikeman
26:21 Scale Mail Armor
27:54 Chain Mail Armor
27:53 Forging
28:48 Town Watch
35:12 Wheelbarrow
34:50 Bow Saw
34:43 Heavy Plow
37:18 Iron Casting
39:57 Man-at-Arms
40:23 Gambesons
42:13 Hand Cart
43:23 Long Swordsman
48:25 Fortified Wall
51:15 Imperial Age
genehung9
11:49 Feudal Age
12:57 Horse Collar
13:03 Double-Bit Axe
15:20 Loom
15:25 Town Watch
16:16 Wheelbarrow
20:54 Castle Age
22:22 Pikeman
23:02 Squires
23:05 Scale Mail Armor
26:01 Heavy Plow
26:13 Bow Saw
29:01 Gold Mining
31:20 Chain Mail Armor
34:45 Imperial Age
32:31 Hand Cart
33:01 Town Patrol
33:16 Fortified Wall
33:31 Ballistics
34:19 Sanctity
34:09 Redemption
34:58 Stone Mining
35:45 Gold Shaft Mining
35:22 Forging
34:51 Capped Ram
35:57 Halberdier
36:55 Chain Mail Armor
36:35 Man-at-Arms
37:21 Siege Ram
37:44 Long Swordsman
38:43 Two-Handed Swordsman
43:15 Champion
44:37 Conscription
45:43 Onager
48:28 Heavy Scorpion
50:22 Iron Casting
50:36 Plate Mail Armor
50:08 Caravan
muui
4:59 Loom
12:52 Feudal Age
13:24 Double-Bit Axe
14:25 Town Watch
16:12 Horse Collar
19:01 Castle Age
18:51 Wheelbarrow
19:07 Pikeman
21:03 Scale Mail Armor
24:17 Bow Saw
24:09 Heavy Plow
24:05 Gold Mining
24:07 Stone Mining
28:43 Hand Cart
31:53 Gold Shaft Mining
31:53 Stone Shaft Mining
34:21 Imperial Age
33:02 Fervor
33:09 Town Patrol
34:00 Chain Mail Armor
33:39 Fletching
33:46 Elite Skirmisher
34:33 Thumb Ring
34:37 Squires
34:22 Arson
34:24 Halberdier
35:45 Fortified Wall
35:16 Treadmill Crane
36:39 Chemistry
35:25 Elite Fire Lancer
37:25 Plate Mail Armor
37:06 Forging
37:09 Gambesons
37:45 Bodkin Arrow
39:44 Bracer
40:20 Iron Casting
42:37 Two-Man Saw
42:37 Scale Barding Armor
42:53 Siege Engineers
43:09 Ballistics
44:54 Conscription
47:32 Eupseong
47:55 Shinkichon
47:38 Man-at-Arms
49:57 Heavy Rocket Cart
52:03 Eupseong
52:10 Long Swordsman
52:50 Two-Handed Swordsman
53:41 Champion
Franco Colapinto
9:39 Loom
9:43 Loom
12:32 Feudal Age
17:59 Castle Age
18:34 Wheelbarrow
24:07 Fishing Lines
26:01 Double-Bit Axe
27:06 Stone Mining
27:48 Fletching
29:07 Town Watch
29:38 Gillnets
30:42 Ballistics
30:43 Medium Warships
30:28 Horse Collar
31:36 Murder Holes
31:45 Heavy Plow
33:08 Hand Cart
33:18 Bow Saw
33:31 Gold Mining
34:15 Town Patrol
35:08 Gold Shaft Mining
34:09 Pikeman
38:01 Imperial Age
35:49 Scale Mail Armor
39:24 Heavy Warships
40:14 Two-Man Saw
40:42 Crop Rotation
41:49 Chemistry
41:01 Clinker Construction
40:50 Bodkin Arrow
42:05 Bracer
42:20 Chain Mail Armor
43:12 Caravan
44:39 Chain Mail Armor
43:47 Halberdier
44:41 Bloodlines
44:31 Husbandry
44:21 Cavalier
45:11 Scale Barding Armor
47:33 Chain Barding Armor
48:03 Shipwright
47:28 Treadmill Crane
47:28 Light Cavalry
48:46 Careening
49:35 Plate Barding Armor
49:42 Hussar
Connection lost

Rejoining the realm…

Still unreachable

The connection could not be restored.

Session expired

The server has moved on; the page needs a fresh start.